 Dungeon Crawl Stone Soup version 0.30-a0-737-gf23d94013f (webtiles) character file.

Game seed: 13755552894160804095

911 jimonade the Covert (level 8, -2/39 HPs)
             Began as a Vine Stalker Brigand on Feb 1, 2023.
             Splashed by a jelly's acid (6 damage)
             ... on level 5 of the Dungeon.
             The game lasted 00:09:26 (3388 turns).

jimonade the Covert (Vine Stalker Brigand)          Turns: 3388, Time: 00:09:26

Health: -2/39      AC: -8    Str: 15    XL:     8   Next: 8%
Magic:  0/9        EV: 12    Int: 11    God:
Gold:   237        SH:  0    Dex: 17    Spells: 7/7 levels left

rFire   . . .      SeeInvis +    a - +0 short sword (venom)
rCold   . . .      Faith    .    (no shield)
rNeg    . . .      Spirit   +    q - +0 robe
rPois   .          Reflect  .    (no helmet)
rElec   .          Harm     .    c - +0 cloak
rCorr   .          Rampage  .    A - +0 pair of gloves
Will    +....                    (no boots)
Stlth   ++++                     (no amulet)
HPRegen 1.06/turn                H - ring of see invisible
MPRegen 0.11/turn                (no ring)

@: corroded
A: fangs 3, regeneration 1, magic shield, antimagic bite, no potion heal 2
a: no special abilities


You were on level 5 of the Dungeon.
You visited 1 branch of the dungeon, and saw 5 of its levels.

You collected 237 gold pieces.

Inventory:

Hand Weapons
 a - a +0 short sword of venom (weapon)
 b - a +2 dagger
 n - a +0 short sword
 y - a +0 sling
Missiles
 d - 12 poisoned darts (quivered)
 e - 3 curare-tipped darts
 z - a boomerang
Armour
 c - a +0 cloak (worn)
 q - a +0 robe (worn)
 A - a +0 pair of gloves (worn)
 B - a +0 ring mail
Jewellery
 H - a ring of see invisible (left hand)
Scrolls
 f - 2 scrolls of vulnerability {unknown}
 h - a scroll of immolation {unknown}
 i - a scroll of magic mapping {unknown}
 l - 3 scrolls of noise {unknown}
 r - a scroll of fear {unknown}
 t - a scroll of teleportation {unknown}
 u - a scroll of silence {unknown}
 w - 5 scrolls of identify {unknown}
 D - a scroll of acquirement {unknown}
 E - 2 scrolls of poison {unknown}
 G - a scroll of enchant armour {unknown}
Potions
 g - a potion of haste {unknown}
 j - 3 potions of degeneration {unknown}
 k - 2 potions of lignification {unknown}
 m - a potion of curing {unknown}
 o - 3 potions of attraction {unknown}
 p - a potion of mutation {unknown}
 s - 2 potions of might {unknown}
 v - a potion of brilliance {unknown}
 x - 2 potions of flight {unknown}
 C - a potion of magic {unknown}
 F - a potion of heal wounds {unknown}


   Skills:
 + Level 2.7 Fighting
 * Level 5.6 Short Blades
 + Level 1.9 Throwing
 + Level 2.0 Dodging
 + Level 8.9 Stealth


You had 7 spell levels left.
You didn't know any spells.
Your spell library contained the following spells:

 Spells                   Type           Power      Damage    Failure   Level
 Call Canine Familiar     Summ           0%         N/A       71%         3
 Portal Projectile        Hex/Tloc       0%         N/A       71%         3
 Leda's Liquefaction      Hex/Erth       0%         N/A       98%         4


Dungeon Overview and Level Annotations

Branches:
Dungeon (5/15)
 Temple: D:4-7

Altars:
Ru


Innate Abilities, Weirdness & Mutations

You have razor-sharp teeth.
Your natural rate of healing is unusually fast.
When hurt, damage is shared between your health and your magic reserves.
Your bite disrupts and absorbs the magic of your enemies.
Potions cannot restore your health.


Message History

You closely miss the ogre. Your bite misses the ogre.
The ogre is almost dead.
The jelly jiggles.
You hit the ogre.
You kill the ogre!
Your Dodging skill increases to level 2!
You have reached level 8!
You feel stronger.
Your teeth grow very long and razor-sharp.
You see here a +0 giant club.
You hit the jelly.
Your hands burn!
The jelly is lightly wounded.
The jelly hits you.
You are splashed with acid.
You hit the jelly.
Your hands burn!
The jelly is lightly wounded.
The jelly closely misses you.
You hit the jelly.
Your hands burn!
You bite the jelly! You drain its power.
You feel invigorated.
The jelly is heavily wounded.
The jelly misses you.
You hit the jelly.
Your hands burn!
The jelly is heavily wounded.
You hit the jelly. The acid corrodes you!
Your hands burn!
Your bite misses the jelly.
The jelly is heavily wounded.
The jelly hits you.
You are splashed with acid!
You are too injured to fight recklessly!
You hit the jelly.
Your hands burn!
* * * LOW HITPOINT WARNING * * *
The jelly is heavily wounded.
The jelly hits you.
* * * LOW HITPOINT WARNING * * *
The acid corrodes you!
You are splashed with acid.
* * * LOW HITPOINT WARNING * * *
You barely miss the jelly.
The jelly is heavily wounded.
The jelly hits you.
* * * LOW HITPOINT WARNING * * *
The acid corrodes you!
You are splashed with acid!
You die...

......... .......
...... ..... .. #...#
###.######...# ...
......#.....# ...
......#.....#
.......<.#.@...# .
#..##...###J..#
#.######.##...###...#
..............J.)...#
=...................+
....................#
....##.........##...#
... #...###...##...#
....##†..###.####.).#


You could see a jelly.

Vanquished Creatures
  Sigmund (D:3)
  2 ogres
  2 phantoms (D:5)
  4 hounds (D:4)
  A jelly (D:5)
  2 iguanas (D:5)
  An orc wizard (D:5)
  Natasha (twice) (D:2)
  3 gnolls
  5 adders
  A white imp (D:4)
  A worm (D:3)
  3 dart slugs
  8 orcs
  6 bats
  6 endoplasms
  A giant cockroach (D:3)
  3 goblins
  3 hobgoblins
  6 kobolds
  4 quokkas
  11 ball pythons
  8 frilled lizards
  7 rats
  A spectral kobold (D:2)
92 creatures vanquished.

Notes
Turn   | Place    | Note
-------+----------+-------------------------------------------
     0 | D:1      | jimonade the Vine Stalker Brigand began the quest for the
                  | Orb.
     0 | D:1      | Reached XP level 1. HP: 11/11 MP: 2/2
    88 | D:1      | Reached skill level 5 in Stealth
   148 | D:1      | Reached XP level 2. HP: 15/15 MP: 3/3
   377 | D:1      | Reached XP level 3. HP: 18/18 MP: 4/4
   740 | D:2      | Found a faded altar of an unknown god.
   847 | D:2      | Reached skill level 6 in Stealth
   964 | D:2      | Noticed Natasha
   969 | D:2      | Killed Natasha
   970 | D:2      | Reached skill level 1 in Dodging
   970 | D:2      | Gained mutation: Your natural rate of healing is unusually
                  | fast. [Vine Stalker growth]
   970 | D:2      | Reached XP level 4. HP: 15/23 MP: 2/5
  1154 | D:2      | Noticed Natasha
  1162 | D:2      | Killed Natasha
  1278 | D:3      | Reached XP level 5. HP: 26/26 MP: 6/6
  1282 | D:3      | Noticed Sigmund
  1289 | D:3      | Killed Sigmund
  1290 | D:3      | Reached skill level 7 in Stealth
  1290 | D:3      | Reached XP level 6. HP: 30/30 MP: 7/7
  2439 | D:4      | Reached XP level 7. HP: 35/35 MP: 8/8
  2524 | D:4      | Reached skill level 8 in Stealth
  2966 | D:5      | Entered Level 5 of the Dungeon
  3060 | D:5      | Found a sacrificial altar of Ru.
  3327 | D:5      | Reached skill level 5 in Short Blades
  3376 | D:5      | Gained mutation: You have razor-sharp teeth. [Vine Stalker
                  | growth]
  3376 | D:5      | Reached XP level 8. HP: 39/39 MP: 9/9
  3388 | D:5      | Splashed by a jelly's acid

Illustrated notes

Levels and vault maps discovered:
D:1:      onia_arrival_handbag, layout_loops_ring
D:2:      layout_basic, dreamdust_ecumenical_altar_drowned_temple, uniq_natasha
D:3:      layout_rooms, grunt_ministairs_7, nicolae_figureground_pulse,
          uniq_sigmund
D:4:      kennysheep_spiral_hall, layout_rooms, grunt_decor_cap,
          hangedman_decor_clover_reticule
D:5:      layout_gridville, nicolae_ru_sacrificial_ziggurat, minitemple,
          temple_hall_moat, uniq_eustachio

Skill      XL: |  1  2  3  4  5  6  7 |
---------------+----------------------+-----
Stealth        | 5 6 7 8 |  8.9
Short Blades   | 2 3 4 5 |  5.6
Fighting       | 2 |  2.7
Dodging        | 1 2 |  2.0
Throwing       | |  1.9

Action                     |  1- 3 |  4- 6 |  7- 9 || total
---------------------------+-------+-------+-------++-------
  Melee: Dagger            |    77 |    71 |       ||   148
         Bite              |    21 |    28 |    27 ||    76
         Short sword       |       |    27 |    91 ||   118
         Punch             |       |     1 |     1 ||     2
  Throw: Dart              |       |     2 |       ||     2
   Stab: Sleeping          |    14 |     7 |     6 ||    27
         Distracted        |     2 |       |       ||     2
 Armour: Robe              |    20 |    11 |    13 ||    44
  Dodge: Dodged            |    45 |    40 |    28 ||   113

Table legend: (Time is in decaauts)
 A = Elapsed time spent in this place.
 B = Non-inter-level travel time spent in this place.
 C = Inter-level travel time spent in this place.
 D = Time resting spent in this place.
 E = Time spent auto-exploring this place.
 F = Levels seen in this place.
 G = Mean time per level.
                   A        B        C        D        E       F      G
               +--------+--------+--------+--------+--------+-----+--------+
         Total |   3345 |   3103 |    242 |    100 |   2060 |   5 |  669.0 |
       Dungeon |   3345 |   3103 |    242 |    100 |   2060 |   5 |  669.0 |
               +--------+--------+--------+--------+--------+-----+--------+

Top non-repeatable levels by time:
     D:3: 944 daAuts
     D:4: 728 daAuts
     D:2: 663 daAuts
     D:1: 608 daAuts
     D:5: 402 daAuts
